 Dungeon Crawl Stone Soup version 0.27-a0-416-gca2cecf3c0 (webtiles) character file.

Game seed: 4327616171826630310

611 rageheart7 the Skirmisher (level 7, -2/59 HPs)
             Began as a Demonspawn Delver on Feb 24, 2021.
             Slain by a white imp (3 damage)
             ... on level 5 of the Dungeon.
             The game lasted 00:04:24 (4376 turns).

rageheart7 the Skirmisher (Demonspawn Delver)       Turns: 4376, Time: 00:04:25

Health: -2/59      AC:  0    Str: 14    XL:     7   Next: 20%
Magic:  7/7        EV: 12    Int: 11    God:
Gold:   252        SH:  0    Dex: 15    Spells: 6/6 levels left

rFire    . . .     SeeInvis .   i - +1 rapier (venom)
rCold    . . .     Faith    .   (no shield)
rNeg     . . .     Spirit   .   b - +0 leather armour
rPois    .         Reflect  .   (helmet restricted)
rElec    .         Harm     .   k - scarf {shadows}
rCorr    .         Rampage  .   (no gloves)
Will     .....                  (no boots)
Stlth    +++.......             (no amulet)
HPRegen  0.19/turn              (no ring)
MPRegen  0.10/turn              (no ring)

@: lethally poisoned (-2 -> -3), corroded
A: horns 2, rugged brown scales 1, powered by pain 1
a: no special abilities


You were on level 5 of the Dungeon.
You visited 1 branch of the dungeon, and saw 5 of its levels.

You collected 252 gold pieces.

Inventory:

Hand Weapons
 i - a +1 rapier of venom (weapon)
Armour
 b - a +0 leather armour (worn)
 k - a scarf of shadows (worn)
Jewellery
 m - a +4 ring of evasion
 r - a ring of see invisible
Wands
 g - a wand of digging (3)
Scrolls
 a - 2 scrolls of immolation {unknown}
 c - a scroll of fog
 d - 3 scrolls of magic mapping
 e - a scroll of fear
 h - 2 scrolls of random uselessness {unknown}
 j - 6 scrolls of identify {unknown}
 o - a scroll of blinking {unknown}
 p - a scroll of enchant weapon {unknown}
Potions
 f - 2 potions of haste
 l - 3 potions of invisibility {unknown}
 n - 2 potions of resistance {unknown}
 q - a potion of flight {unknown}
 s - a potion of ambrosia {unknown}


   Skills:
 * Level 6.2 Fighting
 + Level 4.4 Short Blades
 - Level 1.7 Maces & Flails
 - Level 2.6 Dodging
 - Level 4.5 Stealth


You had 6 spell levels left.
You didn't know any spells.
Your spell library was empty.

Dungeon Overview and Level Annotations

Branches:
Dungeon (5/15)
 Temple: D:4-7

Altars:
Ashenzari
Fedhas
Makhleb
Sif Muna
Xom

Annotations:
D:5 2 transporters, jasper's ghost, novice SpEn


Innate Abilities, Weirdness & Mutations

You have a pair of horns on your head.
You are partially covered in rugged brown scales. (AC +1, +3% HP)
You sometimes gain a little power by taking damage.


Message History

The puff of frost hits you!
You are too injured to fight recklessly!
You are too injured to fight recklessly!
You are too injured to fight recklessly!
You are too injured to fight recklessly!
You are too injured to fight recklessly!
You are too injured to fight recklessly!
You are too injured to fight recklessly!
You are too injured to fight recklessly!
You are too injured to fight recklessly!
You are too injured to fight recklessly!
You are too injured to fight recklessly!
You are too injured to fight recklessly!
You are too injured to fight recklessly!
You are too injured to fight recklessly!
You are too injured to fight recklessly!
You are too injured to fight recklessly!
You are too injured to fight recklessly!
You feel sick. The white imp closely misses you.
You hit the white imp but do no damage. The white imp closely misses you.
You hit the white imp.
The white imp is lightly wounded.
You feel sick. The white imp closely misses you.
You completely miss the white imp. You headbutt the white imp.
The white imp is moderately wounded.
The white imp hits you.
* * * LOW HITPOINT WARNING * * *
The white imp freezes you.
* * * LOW HITPOINT WARNING * * *
You closely miss the white imp.
The white imp is moderately wounded.
The white imp gestures at you. The puff of frost hits you!
* * * LOW HITPOINT WARNING * * *
You closely miss the white imp. Your headbutt misses the white imp.
The white imp is moderately wounded.
You feel sick. The white imp hits you.
* * * LOW HITPOINT WARNING * * *
The white imp freezes you.
You die...

####################
>...............)..##
.######.......####..#
#.#####.# ##.##
####.# #.# #..#
#5@..# #.######.#
#'#### #.##...#.#
#....J..# #.##(..#..
+.......# #..'..|.#.
#....$..# ####....#.
#.......# #.....#.##
#.......# #.....#.##
######### #.......##
####....#


You could see a white imp.

Vanquished Creatures
  An ogre (D:4)
  2 howler monkeys (D:4)
  A hound (D:3)
  An orc priest (D:4)
  A jelly (D:5)
  Natasha (twice) (D:2)
  An orc wizard (D:4)
  2 worker ants
  14 adders
  An ufetubus (D:5)
  An ooze (D:1)
  4 worms
  4 dart slugs
  4 leopard geckos
  9 orcs
  4 bats
  3 giant cockroaches
  9 goblins
  10 hobgoblins
  4 jackals (D:1)
  6 kobolds
  2 quokkas (D:4)
  7 frilled lizards
  6 rats
99 creatures vanquished.

Notes
Turn   | Place    | Note
-------+----------+-------------------------------------------
     0 | D:5      | rageheart7 the Demonspawn Delver began the quest for the
                  | Orb.
     0 | D:5      | Reached XP level 1. HP: 18/18 MP: 1/1
     3 | D:5      | Found a transporter.
     5 | D:5      | Noticed jasper's ghost (novice SpEn)
     8 | D:5      | Noticed an orc warrior
   122 | D:5      | Noticed a worker ant
   132 | D:5      | Killed a worker ant
   133 | D:5      | Gained mutation: You have a pair of small horns on your
                  | head. [demonic ancestry]
   133 | D:5      | Reached XP level 2. HP: 18/25 MP: 2/2
   133 | D:5      | Gained mutation: You are partially covered in rugged brown
                  | scales. (AC +1, +3% HP) [demonic ancestry]
   133 | D:5      | Reached XP level 3. HP: 18/30 MP: 3/3
   589 | D:5      | Noticed a scorpion
   592 | D:5      | Found a shimmering altar of Xom.
   623 | D:4      | Reached skill level 4 in Fighting
   655 | D:4      | Reached skill level 1 in Short Blades
   655 | D:4      | Gained mutation: You sometimes gain a little power by
                  | taking damage. [demonic ancestry]
   655 | D:4      | Reached XP level 4. HP: 30/39 MP: 4/4
   661 | D:3      | Found a faded altar of an unknown god.
  1010 | D:3      | Found a blossoming altar of Fedhas.
  1119 | D:3      | Gained mutation: You have a pair of horns on your head.
                  | [demonic ancestry]
  1119 | D:3      | Reached XP level 5. HP: 38/44 MP: 5/5
  1124 | D:3      | Reached skill level 5 in Fighting
  1596 | D:2      | Found a shimmering altar of Xom.
  1603 | D:2      | Found a burning altar of Makhleb.
  1798 | D:2      | Reached XP level 6. HP: 48/52 MP: 6/6
  1893 | D:2      | Found a shimmering blue altar of Sif Muna.
  1924 | D:2      | Found a broken altar of Ashenzari.
  1949 | D:2      | Noticed Natasha
  1962 | D:2      | Killed Natasha
  2423 | D:2      | Noticed Natasha
  2429 | D:2      | Killed Natasha
  4211 | D:4      | Reached skill level 6 in Fighting
  4211 | D:4      | Reached XP level 7. HP: 48/59 MP: 7/7
  4315 | D:5      | Found a transporter.
  4376 | D:5      | HP: 1/59 [white imp (3)]
  4376 | D:5      | Slain by a white imp

Illustrated notes

Levels and vault maps discovered:
D:1:      roderic_crop_circles_arrival_small, layout_basic
D:2:      layout_loops_ring, grunt_temple_overflow_open, general_overflow_altar,
          led_sif_pool, uniq_natasha
D:3:      layout_basic, overflow_temple_1_default,
          chequers_ecumenical_altar_simple_redux, minivault_26
D:4:      layout_gridville
D:5:      layout_basic, basic_altar, gammafunk_ghost_arena

Skill      XL: |  1  2  3  4  5  6 |
---------------+-------------------+-----
Dodging        | 2 |  2.6
Fighting       | 4 5 6 |  6.2
Short Blades   | 1 2 4 |  4.4
Maces & Flails | |  1.7
Stealth        | |  4.5

Action                   |  1- 3 |  4- 6 |  7- 9 || total
-------------------------+-------+-------+-------++-------
Melee: Rapier            |    19 |   203 |    14 ||   236
       Headbutt          |     2 |    33 |     4 ||    39
  Use: Potion            |       |     1 |       ||     1
 Stab: Sleeping          |       |    12 |       ||    12
Armor: Leather armour    |     4 |    47 |     2 ||    53
Dodge: Dodged            |    15 |   140 |     8 ||   163

Table legend: (Time is in decaauts)
 A = Elapsed time spent in this place.
 B = Non-inter-level travel time spent in this place.
 C = Inter-level travel time spent in this place.
 D = Time resting spent in this place.
 E = Time spent auto-exploring this place.
 F = Levels seen in this place.
 G = Mean time per level.
                   A        B        C        D        E       F      G
               +--------+--------+--------+--------+--------+-----+--------+
         Total |   4397 |   4294 |    103 |    863 |   2806 |   5 |  879.4 |
       Dungeon |   4397 |   4294 |    103 |    863 |   2806 |   5 |  879.4 |
               +--------+--------+--------+--------+--------+-----+--------+

Top non-repeatable levels by time:
     D:4: 1219 daAuts
     D:2: 1052 daAuts
     D:3: 767 daAuts
     D:5: 693 daAuts
     D:1: 664 daAuts
